 Dungeon Crawl Stone Soup version 0.30-a0-629-gd54f4be4f7 (webtiles) character file.

Game seed: 18040900218258649619

14623 KennySheep the Destroyer (level 11, -2/61 HPs)
             Began as a Deep Elf Conjurer on Jan 12, 2023.
             Was an Elder of Sif Muna.
             Slain by a harpy simulacrum (11 damage)
             ... in an ice cave.
             The game lasted 00:37:59 (12250 turns).

KennySheep the Destroyer (Deep Elf Conjurer)       Turns: 12250, Time: 00:37:59

Health: -2/61      AC:  9    Str:  4    XL:     11   Next: 91%
Magic:  3/26       EV: 19    Int: 28    God:    Sif Muna [****..]
Gold:   490        SH:  4    Dex: 13    Spells: 17/28 levels left

rFire   . . .      SeeInvis .    a - staff of conjuration
rCold   . . .      Faith    .    w - +0 buckler
rNeg    . . .      Spirit   .    f - +0 robe
rPois   .          Reflect  .    (no helmet)
rElec   .          Harm     .    (no cloak)
rCorr   .          Rampage  .    g - +0 pair of gloves
Will    +....                    u - +1 pair of boots
Stlth   ++                       (no amulet)
HPRegen 0.30/turn                h - +5 ring of evasion
MPRegen 0.20/turn                G - +4 ring of protection

@: no status effects
A: no striking features
a: Renounce Religion, Channel Magic, Forget Spell, Divine Exegesis


You were in an ice cave.
You worshipped Sif Muna.
Sif Muna was greatly pleased with you.
You visited 1 branch of the dungeon, and saw 12 of its levels.
You also visited: Ice Cave.

You collected 574 gold pieces.
You spent 84 gold pieces at shops.

Inventory:

Hand Weapons
 b - a +0 dagger
Armour
 f - a +0 robe (worn)
 g - a +0 pair of gloves (worn)
 u - a +1 pair of boots (worn)
 w - a +0 buckler (worn)
Magical Staves
 a - a staff of conjuration (weapon)
Jewellery
 h - a +5 ring of evasion (left hand)
 A - a ring of ice
 C - a ring of flight
 G - a +4 ring of protection (right hand)
Wands
 r - a wand of mindburst (36)
 s - a wand of roots (14)
 t - a wand of charming (9)
 E - a wand of flame (10)
Scrolls
 e - 2 scrolls of identify
 j - 2 scrolls of magic mapping
 m - 3 scrolls of teleportation
 o - a scroll of silence
 p - a scroll of enchant armour
 x - 2 scrolls of amnesia
 z - a scroll of immolation
 B - 4 scrolls of noise
 D - 3 scrolls of enchant weapon
Potions
 c - 2 potions of curing
 d - 4 potions of heal wounds
 i - a potion of lignification
 k - a potion of mutation
 l - a potion of brilliance
 n - a potion of flight
 q - a potion of might
 F - a potion of degeneration {unknown}
Miscellaneous
 H - a phial of floods


   Skills:
 + Level 4.1 Fighting
 + Level 5.1 Staves
 + Level 6.8 Dodging
 - Level 2.4 Stealth
 + Level 2.6 Shields
 + Level 9.3 Spellcasting
 * Level 11.5 Conjurations
 - Level 7.7 Hexes
 * Level 8.1 Translocations
 + Level 5.5 Invocations
 + Level 5.5 Evocations


You had 17 spell levels left.
You knew the following spells:

 Your Spells              Type           Power      Damage    Failure   Level
a - Magic Dart            Conj           100%       1d8       1%          1
b - Searing Ray           Conj           100%       2d8       1%          2
c - Iskenderun's Mystic   Conj/Tloc      80%        2d16      1%          4
d - Fulminant Prism       Conj/Hex       39%        3d17      1%          4

Your spell library contained the following spells:

 Spells                   Type           Power      Damage    Failure   Level
 Dazzling Flash           Conj/Hex       100%       N/A       1%          3
 Tukima's Dance           Hex            54%        N/A       1%          3
 Passage of Golubria      Tloc           56%        N/A       1%          4
 Summon Guardian Golem    Hex/Summ       34%        N/A       3%          3
 Kindle Blastsparks       Fire/Tloc/Air  56%        2d14      5%          3
 Yara's Violent Unravell  Hex/Tmut       17%        3d8       32%         5
 Orb of Destruction       Conj           43%        9d12      38%         7
 Lee's Rapid Deconstruct  Erth           6%         3d6*      83%         5
 Spellforged Servitor     Conj/Summ      30%        N/A       99%         7


Dungeon Overview and Level Annotations

Branches:
Dungeon (12/15)            Temple (0/1) D:7            Lair (0/5) D:10
    Orc (0/2) D:12          IceCv (1/1)

Altars:
Hepliaklqana
Kikubaaqudgha
Qazlal
Sif Muna
Trog
Uskayaw

Shops:
D:1 !   D:2 !   D:4 =

Annotations:
D:4 1 runed translucent door, Crazy Yiuf


Message History

The mystic blast hits the slime creature!
The slime creature is heavily wounded.
The slime creature hits you!
The slime creature attacks as you move away!
The slime creature completely misses you.
The slime creature attacks as you move away!
You block the slime creature's attack.
You feel much better.
Two slime creatures merge to form an enormous slime creature.
The slime creature hits you!
The slime creature attacks as you move away!
The slime creature hits you!
The slime creature attacks as you move away!
The slime creature completely misses you.
The slime creature attacks as you move away!
The slime creature hits you!
You see here a +0 mace.
Casting: Iskenderun's Mystic Blast (dangerous; 1% risk of failure)
Confirm with . or Enter, or press ? or * to list all spells.
You feel a surge of power!
You erupt in a blast of force!
The mystic blast hits the slime creature!
The slime creature is severely wounded.
The slime creature is knocked back by the mystic blast.
There is a frozen archway here.
The world spins around you as you enter the gateway.
You enter an ice cave!
The white ugly thing gurgles horribly!
Found 17 gold pieces.
Found an ice covered gate leading back out of this place.
There is an ice choked empty arch of ancient stone here.
There is an ice covered gate leading back out of this place here.
Okay, then.
The harpy simulacrum claws you. The harpy simulacrum freezes you!
* * * LOW HITPOINT WARNING * * *
The harpy simulacrum misses you.
A cane toad simulacrum comes into view.
The harpy simulacrum claws you.
* * * LOW HITPOINT WARNING * * *
The harpy simulacrum freezes you!
You die...

### ###...
#......
##.......
##...Z....
#.......8.
#.........
#@∩.u...Z$
#.Z.......
#....Z..8.
##........
##.......
#......
###... ###


You could see a white ugly thing, 2 death yak simulacra, a cane toad simulacrum
(wandering) and a harpy simulacrum.

Vanquished Creatures
  4 two-headed ogres
  Sonja (D:10)
  Amaemon (D:10)
  A cyclops (D:11)
  An orange demon (D:10)
  2 unseen horrors
  A hornet (D:9)
  A troll (D:12)
  Sigmund (D:3)
  6 slime creatures (D:12)
  2 shadows (D:9)
  A vampire (D:11)
  Eustachio (D:4)
  12 yaks
  2 wyverns
  3 humans (D:10)
  2 wraiths
  3 vampire mosquitoes (D:12)
  2 steam dragons
  2 water moccasins
  5 orc warriors
  A black bear (D:5)
  An ice beast (D:7)
  A sky beast (D:7)
  2 centaurs
  3 kobold brigands
  2 phantoms
  A bullfrog (D:6)
  A necrophage (D:6)
  4 gnoll sergeants
  A scorpion (D:6)
  A two-headed ogre simulacrum (D:12)
  8 wights
  6 killer bees
  An elephant simulacrum (D:12)
  5 howler monkeys
  A jelly (D:5)
  4 hounds
  5 orc priests
  A gnoll bouda (D:5)
  4 iguanas
  6 orc wizards
  A troll simulacrum (D:12)
  3 spriggan simulacra (D:12)
  A wolf simulacrum (D:12)
  Robin (D:4)
  9 adders
  22 gnolls
  A worm (D:2)
  A dart slug (D:1)
  19 orcs
  7 ball pythons
  2 endoplasms
  9 giant cockroaches
  9 hobgoblins
  6 jackals
  18 kobolds
  6 quokkas
  6 bats
  3 frilled lizards
  12 goblins
  7 rats
256 creatures vanquished.

Vanquished Creatures (collateral kills)
  A slime creature (D:12)
  A gargoyle (D:12)
2 creatures vanquished.

Vanquished Creatures (others)
  An orc wizard (D:8)
  69 fulminant prisms
70 creatures vanquished.

Grand Total: 328 creatures vanquished

Notes
Turn   | Place    | Note
-------+----------+-------------------------------------------
     0 | D:1      | KennySheep the Deep Elf Conjurer began the quest for the
                  | Orb.
     0 | D:1      | Reached XP level 1. HP: 10/10 MP: 6/6
   108 | D:1      | Found Ceiritumo's Distillery.
   141 | D:1      | Reached skill level 1 in Hexes
   147 | D:1      | Reached XP level 2. HP: 14/15 MP: 2/8
   669 | D:1      | Found a shimmering blue altar of Sif Muna.
   804 | D:2      | Reached XP level 3. HP: 19/19 MP: 6/9
   891 | D:2      | Found Xoelit's Distillery.
  1119 | D:2      | Learned a level 2 spell: Searing Ray
  1172 | D:2      | Reached skill level 5 in Conjurations
  1426 | D:2      | Found a bloodstained altar of Trog.
  1828 | D:1      | Bought a potion of flight for 42 gold pieces
  1828 | D:1      | Bought a potion of curing for 42 gold pieces
  1850 | D:1      | Became a worshipper of Sif Muna the Loreminder
  1980 | D:3      | Reached XP level 4. HP: 24/24 MP: 5/11
  2093 | D:3      | Learned a level 4 spell: Fulminant Prism
  2194 | D:3      | Found a hide-covered altar of Uskayaw.
  2353 | D:3      | Reached * piety under Sif Muna
  2514 | D:3      | Found a stormy altar of Qazlal.
  2554 | D:3      | Noticed Sigmund
  2566 | D:3      | Killed Sigmund
  2567 | D:3      | Reached skill level 6 in Conjurations
  2567 | D:3      | Reached XP level 5. HP: 12/28 MP: 0/14
  2567 | D:3      | Reached XP level 6. HP: 14/32 MP: 0/15
  2618 | D:3      | Reached skill level 5 in Hexes
  2761 | D:3      | Learned a level 4 spell: Iskenderun's Mystic Blast
  2967 | D:3      | Found a faded altar of an unknown god.
  3077 | D:4      | Found Ijiumamn's Jewellery Emporium.
  3344 | D:4      | Noticed Robin
  3355 | D:4      | Killed Robin
  3438 | D:4      | Noticed Eustachio
  3452 | D:4      | Killed Eustachio
  3453 | D:4      | Reached skill level 5 in Spellcasting
  3453 | D:4      | Reached XP level 7. HP: 36/36 MP: 5/16
  3814 | D:4      | Found a runed translucent door.
  3815 | D:4      | Noticed Crazy Yiuf
  3967 | D:4      | Found a shimmering blue altar of Sif Muna.
  3991 | D:4      | Reached skill level 7 in Conjurations
  4363 | D:5      | Entered Level 5 of the Dungeon
  4706 | D:5      | Reached ** piety under Sif Muna
  5195 | D:5      | Reached XP level 8. HP: 39/41 MP: 14/19
  5440 | D:6      | Reached skill level 8 in Conjurations
  5655 | D:6      | Reached skill level 1 in Translocations
  5749 | D:6      | Reached skill level 1 in Staves
  5749 | D:6      | Reached skill level 1 in Evocations
  5887 | D:6      | Found a hazy altar of Hepliaklqana.
  6063 | D:7      | Reached skill level 1 in Fighting
  6063 | D:7      | Reached skill level 1 in Invocations
  6303 | D:7      | Found a staircase to the Ecumenical Temple.
  6453 | D:7      | Found an ancient bone altar of Kikubaaqudgha.
  6984 | D:7      | Reached XP level 9. HP: 47/47 MP: 16/21
  7200 | D:8      | Reached *** piety under Sif Muna
  7201 | D:8      | Reached skill level 9 in Conjurations
  7595 | D:8      | Noticed a two-headed ogre
  7601 | D:8      | Killed a two-headed ogre
  7834 | D:8      | Reached skill level 5 in Translocations
  8318 | D:9      | Reached XP level 10. HP: 25/54 MP: 11/23
  8707 | D:9      | Reached skill level 5 in Dodging
  8707 | D:9      | Reached skill level 10 in Conjurations
  9396 | D:10     | Entered Level 10 of the Dungeon
  9398 | D:10     | Found a staircase to the Lair.
  9399 | D:10     | Reached **** piety under Sif Muna
  9636 | D:10     | Noticed Sonja
  9642 | D:10     | Killed Sonja
  9672 | D:10     | Noticed Amaemon
  9675 | D:10     | Noticed an orange demon
  9686 | D:10     | Killed Amaemon
  9686 | D:10     | Killed an orange demon
  9687 | D:10     | Reached skill level 1 in Shields
  9888 | D:10     | Reached XP level 11. HP: 52/60 MP: 13/25
 10399 | D:11     | Noticed a two-headed ogre
 10405 | D:11     | Killed a two-headed ogre
 10538 | D:11     | Noticed a two-headed ogre
 10547 | D:11     | Killed a two-headed ogre
 10734 | D:11     | Reached skill level 11 in Conjurations
 10922 | D:11     | Reached skill level 5 in Evocations
 10925 | D:11     | Reached skill level 5 in Invocations
 11688 | D:12     | Identified a scroll of acquirement
 11689 | D:12     | Acquired a +4 ring of protection
 11733 | D:12     | Found a frozen archway.
 11753 | D:12     | Found a staircase to the Orcish Mines.
 11764 | D:12     | Noticed a two-headed ogre
 12032 | D:12     | Killed a two-headed ogre
 12033 | D:12     | Reached skill level 5 in Staves
 12245 | IceCv    | Entered an ice cave
 12245 | IceCv    | Noticed a white ugly thing
 12250 | IceCv    | Slain by a harpy simulacrum

Illustrated notes

Levels and vault maps discovered:
D:1:      sevenhm_arrival_forest_fort_small_6, layout_rooms, serial_shops,
          nicolae_shop_statue_plus, minmay_tetromino_t4
D:2:      layout_loops_ring, basic_altar, serial_shops, nicolae_shop_waterfront,
          minmay_worlds_worst_comb
D:3:      layout_rooms, grunt_qazlal_clouds, mainiacjoe_overflow_24_doors,
          hellmonk_ecumenical_altar_zigzags, minmay_diced_spiral, uniq_sigmund
D:4:      layout_basic, mainiacjoe_overflow_paths, serial_shops, shop,
          bh_walls_and_bars, uniq_eustachio, uniq_robin, uniq_crazy_yiuf_cottage
D:5:      layout_loops_ring, eino_tiny_chamber
D:6:      layout_basic, worldfamousw_hep_ancestral_shrine, minmay_door_square
D:7:      layout_cave_pods, kiku_gazebo_pond_becter, minmay_temple_entry_mist
D:8:      layout_loops_cross
D:9:      layout_small_grid
D:10:     layout_cross, dpeg_oklobed_lair, minmay_ruffians, uniq_amaemon,
          uniq_sonja
D:11:     layout_basic, minmay_misc_feat_hallway, hangedman_decor_slide_cut
D:12:     layout_rooms, minmay_orc_entry_temple_small,
          portal_ice_cave_entry_ice_simulacra
IceCv:    ice_cave_statue_garden_transporter

Skill      XL: |  1  2  3  4  5  6  7  8  9 10 11 |
---------------+----------------------------------+-----
Hexes          | 1 2 3 4 5 7 |  7.7
Conjurations   | 5 6 7 8 9 10 11 | 11.5
Spellcasting   | 4 5 6 7 8 9 |  9.3
Translocations | 3 5 6 8 |  8.1
Staves         | 1 3 4 5 |  5.1
Evocations     | 2 3 4 5 |  5.5
Fighting       | 1 2 3 4 |  4.1
Dodging        | 3 4 5 6 |  6.8
Invocations    | 1 3 4 5 |  5.5
Shields        | 1 2 |  2.6
Stealth        | |  2.4

Action                   |  1- 3 |  4- 6 |  7- 9 | 10-12 || total
-------------------------+-------+-------+-------+-------++-------
Melee: Unarmed           |     8 |       |       |       ||     8
       Dagger            |    15 |       |       |       ||    15
       Staff             |     1 |     5 |    11 |    16 ||    33
       Punch             |       |       |     1 |       ||     1
 Cast: Magic Dart        |    98 |    43 |    86 |    13 ||   240
       Searing Ray       |     1 |     4 |    34 |     5 ||    44
       Fulminant Prism   |       |     4 |    16 |    49 ||    69
       Iskenderun's Myst |       |       |     6 |    55 ||    61
Evoke: Wand              |       |       |       |     2 ||     2
  Use: Scroll            |     3 |     1 |     3 |    14 ||    21
       Potion            |     5 |       |     4 |     3 ||    12
Armor: Robe              |     6 |     3 |    17 |    13 ||    39
Dodge: Dodged            |    49 |    11 |    40 |    59 ||   159
Block: Buckler           |       |       |       |    13 ||    13

Table legend: (Time is in decaauts)
 A = Elapsed time spent in this place.
 B = Non-inter-level travel time spent in this place.
 C = Inter-level travel time spent in this place.
 D = Time resting spent in this place.
 E = Time spent auto-exploring this place.
 F = Levels seen in this place.
 G = Mean time per level.
                   A        B        C        D        E       F      G
               +--------+--------+--------+--------+--------+-----+--------+
         Total |  12247 |  11741 |    506 |   2320 |   7634 |  13 |  942.1 |
       Dungeon |  12242 |  11736 |    506 |   2320 |   7634 |  12 | 1020.2 |
      Ice Cave |      4 |      4 |      0 |      0 |      0 |   1 |    4.0 |
               +--------+--------+--------+--------+--------+-----+--------+

Top non-repeatable levels by time:
    D:11: 1537 daAuts
     D:8: 1414 daAuts
     D:4: 1286 daAuts
     D:7: 1239 daAuts
     D:3: 1116 daAuts
     D:1: 1054 daAuts
     D:5: 972 daAuts
     D:2: 893 daAuts
    D:10: 887 daAuts
     D:9: 787 daAuts
     D:6: 723 daAuts
    D:12: 329 daAuts
   IceCv: 4 daAuts
